Map: Polka LE

Players

oBird

  • Race: Zerg Zerg
  • Spawn Location: 5:00

joerick

  • Race: Protoss Protoss
  • League: Gold
  • Spawn Location: 5:00

qqq - Winner!

  • Race: Protoss Protoss
  • League: Platinum
  • Spawn Location: 11:00

Massa - Winner!

  • Race: Terran Terran
  • League: Platinum
  • Spawn Location: 11:00

VOD

Have the link to the VOD?

Description

Time

  • Played on: Nov. 25, 2020, 3:24 p.m.
  • Length: 14:21
Show
View Real Time Build Order
Export as new Build Order

oBird Zerg 

Build Orders: Hatch First 

Get SALT Encoding   

  12  0:05  Drone  
  13  0:14  Overlord  
  13  0:18  Drone  
  14  0:32  Drone x2  
  16  0:39  Drone  
  17  0:54  Hatchery  
  16  0:57  Drone  
  17  1:09  Drone  
  18  1:13  Spawning Pool  
  18  1:17  Extractor  
  18  1:18  Drone  
  17  1:38  Drone x2  
  19  1:43  Spawning Pool  
  18  2:06  Queen x2  
  18  2:07  Zergling x2  
  23  2:12  Drone  
  24  2:17  Zergling x2  
  25  2:30  Overlord  
  26  2:37  Drone x3  
  28  2:50  Metabolic Boost  
  28  2:52  Drone x3  
  31  3:11  Hatchery  
  30  3:22  Drone x2, Overlord  
  30  3:23  Drone x3  
  35  3:27  Drone  
  35  3:30  Overlord  
  36  3:40  Drone x5  
  41  3:48  Drone x3  
  43  3:53  Overlord  
  43  3:54  Drone x2  
  43  3:55  Drone  
  47  4:04  Drone x2, Evolution Chamber  
  47  4:05  Evolution Chamber  
  47  4:25  Zergling x8  
  47  4:30  Zergling x4  
  53  4:33  Queen x3  
  57  4:40  Zergling x6  
  56  4:48  Zergling x2  
  56  4:49  Zergling x2  
  56  4:58  Zergling x6  
  58  5:11  Zergling x8  
  53  5:21  Drone  
  53  5:22  Drone x2  
  53  5:28  Zergling x2  
  55  5:34  Roach Warren  
  54  5:41  Zergling x12  
  60  5:47  Zergling x8  
  64  5:54  Zergling x2  
  64  5:56  Zergling x4  
  63  6:25  Zergling x10  
  66  6:26  Zergling x2  
  66  6:32  Zergling x12  
  65  6:33  Zergling x2  
  65  6:43  Spore Crawler  
  65  6:45  Spore Crawler  
  59  6:58  Drone x6  
  59  6:59  Drone  
  66  7:06  Lair  
  65  7:09  Drone  
  66  7:17  Overlord x2  
  66  7:20  Spore Crawler  
  65  7:27  Zerg Missile Weapons Level 1  
  65  7:30  Overlord x2  
  65  7:35  Extractor  
  62  7:54  Drone  
  62  7:55  Drone  
  62  7:56  Drone x7  
  71  8:13  Zerg Ground Armor Level 1  
  71  8:16  Drone x3  
  74  8:20  Overlord x2  
  74  8:27  Baneling Nest  
  74  8:31  Hydralisk Den  
  74  8:32  Overlord  
  74  8:33  Overlord x2  
  68  8:43  Drone x7  
  70  9:05  Zergling x18  
  70  9:06  Zergling x2  
  80  9:21  Muscular Augments  
  77  9:40  Drone x2  
  77  9:41  Hatchery  
  77  9:43  Extractor x2  
  72  9:50  Drone x13  
  72  9:51  Drone x2  
  84  9:56  Extractor  
  84  9:57  Extractor  
  82  10:00  Spire  
  81  10:21  Drone x5  
  86  10:33  Grooved Spines  
  86  10:37  Overlord x3  
  86  10:42  Extractor x2  
  85  10:47  Drone x2  
  86  10:55  Zergling x2  
  86  10:56  Zergling x28  
  101  11:16  Centrifical Hooks  
  101  11:20  Corruptor x10  
  101  11:21  Corruptor  
  101  11:25  Baneling x3  
  123  11:53  Corruptor x4  
  123  11:54  Corruptor x2  
  125  11:57  Zerg Flyer Weapons Level 1  
  125  11:59  Zergling x26  
  148  12:08  Corruptor x2  
  151  12:20  Hatchery  
  151  12:21  Drone  
  151  12:22  Overlord x4  
  151  12:23  Overlord  
  151  12:40  Overlord x2  
  151  12:42  Extractor  
  150  12:44  Extractor  
  149  12:52  Overseer x2  
  149  12:53  Pneumatized Carapace  
  101  13:14  Corruptor  
  101  13:15  Corruptor x8  
  95  13:21  Zergling x22  
  95  13:22  Zergling x24  
  112  13:29  Zergling x2  
  113  13:37  Zergling x14  
  113  13:38  Zergling x4  
  104  13:46  Baneling x12  
  88  13:53  Zergling x6  
  88  13:54  Zergling x8  
  85  13:58  Zergling x2  
Show
View Real Time Build Order
Export as new Build Order

joerick Protoss 

Build Orders:  

Get SALT Encoding   

  12  0:00  Probe  
  14  0:17  Pylon  
  14  0:19  Probe  
  14  0:31  Probe  
  15  0:39  Gateway  
  15  0:43  Probe  
  16  0:55  Forge  
  16  0:57  Probe  
  17  1:17  Probe  
  18  1:19  Assimilator  
  18  1:31  Cybernetics Core  
  18  1:59  Gateway  
  18  2:13  Probe  
  19  2:19  Gateway  
  19  2:28  Probe  
  20  2:31  Nexus  
  20  2:39  Warp Gate (Chrono Boost)  
  20  2:40  Probe  
  21  2:51  Gateway  
  21  2:52  Probe (Chrono Boost)  
  21  2:53  Gateway  
  21  2:57  Pylon  
  22  3:10  Gateway  
  22  3:18  Photon Cannon  
  22  3:21  Probe  
  23  3:32  Pylon  
  23  3:33  Probe  
  24  3:43  Assimilator  
  24  3:52  Twilight Council  
  24  3:55  Probe x2  
  26  4:07  Probe  
  27  4:12  Photon Cannon  
  23  4:29  Stalker x2  
  26  4:52  Pylon  
  26  4:56  Stalker x2  
  30  5:01  Photon Cannon  
  30  5:04  Photon Cannon  
  26  5:32  Photon Cannon  
  26  5:37  Stalker  
  26  5:41  Zealot x2  
  32  5:47  Pylon  
  32  6:10  Shield Battery  
  32  6:16  Stalker  
  32  6:18  Zealot x2  
  38  6:20  Probe  
  39  6:34  Zealot  
  39  6:35  Zealot  
  35  7:03  Stalker  
  37  7:24  Probe  
  37  7:25  Probe  
  37  7:28  Assimilator  
  39  7:44  Charge  
  39  7:52  Probe (Chrono Boost)  
  39  7:53  Probe (Chrono Boost)  
  39  7:57  Stalker  
  39  7:58  Stalker  
  45  7:59  Zealot x3  
  45  8:03  Probe x2 (Chrono Boost)  
  53  8:08  Probe x2 (Chrono Boost)  
  55  8:20  Probe x2  
  57  8:32  Probe x2  
  59  8:38  Stalker  
  61  8:44  Protoss Ground Weapons Level 1  
  61  8:52  Forge  
  57  9:19  Stalker  
  57  9:20  Stalker  
  61  9:33  Pylon  
  61  9:35  Pylon  
  61  9:38  Pylon  
  53  9:40  Pylon  
  53  9:42  Pylon  
  53  9:44  Stalker x4  
  53  9:45  Stalker  
  51  10:09  Probe x2  
  51  10:11  Gateway  
  51  10:12  Gateway  
  53  10:15  Gateway  
  53  10:16  Gateway  
  53  10:20  Gateway  
  53  10:28  Zealot  
  53  10:29  Zealot x2  
  53  10:30  Zealot  
  61  10:45  Protoss Ground Armor Level 1  
  60  11:09  Zealot  
  60  11:10  Zealot x6  
  74  11:52  Stalker x9  
  92  12:11  Nexus  
  92  12:17  Probe x2  
  94  12:41  Pylon  
  94  12:45  Pylon  
  94  12:54  Robotics Facility  
  94  12:59  Probe x2, Assimilator  
  53  13:31  Zealot x4  
  53  13:32  Zealot x6  
  45  14:04  Stalker x6  
  45  14:05  Stalker x2  
Show
View Real Time Build Order
Export as new Build Order

qqq Protoss - Winner!

Build Orders: 1 Gate Expand, Carriers 

Get SALT Encoding   

  12  0:00  Probe  
  13  0:12  Probe  
  14  0:25  Pylon  
  14  0:30  Probe  
  15  0:45  Gateway  
  15  0:48  Probe  
  16  1:00  Probe  
  16  1:03  Pylon  
  17  1:16  Probe  
  18  1:26  Pylon  
  18  1:39  Nexus  
  18  1:52  Zealot  
  20  1:56  Probe  
  20  1:57  Cybernetics Core  
  21  2:04  Assimilator  
  21  2:06  Assimilator  
  21  2:08  Probe  
  22  2:20  Probe  
  23  2:32  Probe  
  24  2:44  Probe  
  25  2:53  Forge  
  25  2:57  Probe (Chrono Boost)  
  27  3:01  Probe (Chrono Boost)  
  27  3:07  Probe (Chrono Boost)  
  27  3:11  Probe (Chrono Boost)  
  27  3:12  Probe (Chrono Boost)  
  30  3:21  Probe  
  30  3:23  Probe  
  32  3:28  Pylon  
  32  3:30  Stargate  
  32  3:33  Probe  
  33  3:34  Stargate  
  33  3:35  Probe, Pylon  
  34  3:44  Photon Cannon  
  34  3:45  Probe  
  34  3:46  Pylon  
  35  3:54  Photon Cannon  
  35  3:59  Photon Cannon  
  35  4:08  Photon Cannon  
  35  4:09  Stalker  
  37  4:14  Shield Battery  
  37  4:17  Pylon  
  37  4:19  Probe  
  37  4:20  Probe  
  39  4:29  Pylon  
  40  4:31  Probe  
  40  4:37  Phoenix  
  40  4:38  Phoenix  
  44  4:50  Photon Cannon  
  44  4:52  Photon Cannon  
  44  4:57  Photon Cannon  
  44  5:00  Shield Battery  
  44  5:03  Pylon  
  44  5:25  Photon Cannon  
  44  5:32  Shield Battery  
  44  5:34  Shield Battery  
  44  5:36  Phoenix x2  
  44  5:41  Probe  
  44  5:42  Probe  
  50  5:44  Assimilator  
  50  5:48  Assimilator  
  50  5:53  Probe  
  50  5:54  Probe  
  50  5:55  Void Ray  
  52  5:58  Photon Cannon  
  56  6:04  Phoenix  
  56  6:05  Probe  
  59  6:13  Fleet Beacon  
  59  6:18  Probe  
  60  6:29  Phoenix  
  60  6:30  Probe  
  62  6:42  Probe  
  61  6:53  Carrier  
  61  6:54  Probe  
  68  7:06  Probe  
  69  7:27  Pylon  
  69  7:29  Nexus  
  69  7:31  Pylon x2  
  69  7:33  Pylon  
  69  7:34  Pylon  
  69  7:35  Pylon x2  
  69  7:38  Pylon  
  69  7:45  Carrier  
  69  7:49  Protoss Air Weapons Level 1 (Chrono Boost)  
  75  8:01  Photon Cannon  
  75  8:06  Photon Cannon  
  75  8:13  Carrier  
  75  8:14  Photon Cannon  
  81  8:24  Robotics Facility  
  81  8:37  Stargate  
  81  8:45  Probe (Chrono Boost)  
  82  8:55  Probe (Chrono Boost)  
  82  9:00  Probe (Chrono Boost)  
  82  9:11  Carrier  
  82  9:12  Probe  
  89  9:17  Shield Battery  
  89  9:18  Carrier  
  89  9:24  Probe  
  96  9:28  Photon Cannon  
  95  9:36  Probe  
  96  9:48  Probe, Protoss Air Armor Level 1 (Chrono Boost)  
  97  10:00  Probe, Photon Cannon  
  97  10:04  Photon Cannon  
  98  10:10  Carrier  
  98  10:12  Probe  
  98  10:13  Observer  
  106  10:15  Carrier  
  106  10:17  Nexus, Assimilator  
  106  10:19  Pylon, Assimilator  
  112  10:22  Pylon  
  112  10:24  Probe, Pylon  
  112  10:27  Void Ray  
  117  10:36  Probe  
  118  10:48  Probe  
  119  11:00  Probe  
  120  11:10  Tempest  
  125  11:13  Probe  
  125  11:14  Photon Cannon, Nexus  
  125  11:15  Photon Cannon  
  125  11:16  Pylon  
  125  11:17  Pylon  
  126  11:23  Photon Cannon  
  126  11:25  Probe  
  127  11:32  Carrier  
  133  11:41  Photon Cannon  
  133  11:42  Photon Cannon  
  133  11:46  Pylon  
  133  11:50  Void Ray  
  133  11:53  Protoss Air Weapons Level 2  
  133  11:55  Tempest  
  142  12:01  Anion Pulse-Crystals  
  142  12:04  Observer  
  143  12:12  Probe (Chrono Boost)  
  152  12:24  Mothership (Chrono Boost)  
  152  12:29  Probe (Chrono Boost)  
  153  12:36  Probe (Chrono Boost)  
  154  12:40  Probe (Chrono Boost)  
  155  12:46  Assimilator  
  155  12:47  Void Ray x2  
  155  12:48  Probe (Chrono Boost)  
  155  12:50  Probe (Chrono Boost), Assimilator  
  157  12:53  Probe (Chrono Boost)  
  157  12:54  Carrier  
  157  12:55  Probe (Chrono Boost)  
  173  13:01  Probe  
  174  13:05  Flux Vanes  
  174  13:06  Probe  
  167  13:14  Probe  
  167  13:18  Probe  
  149  13:24  Void Ray x2  
Show
View Real Time Build Order
Export as new Build Order

Massa Terran - Winner!

Build Orders:  

Get SALT Encoding   

  12  0:00  SCV  
  13  0:12  SCV  
  14  0:24  SCV, Supply Depot  
  15  0:32  Refinery  
  15  0:45  SCV  
  15  0:48  Barracks  
  16  0:57  SCV  
  17  1:09  SCV  
  18  1:17  Refinery  
  18  1:21  SCV  
  19  1:34  SCV  
  19  1:35  Marine  
  21  1:41  Factory  
  21  1:46  Orbital Command  
  21  1:55  Marine  
  22  2:14  Command Center  
  22  2:18  SCV  
  23  2:28  Barracks Reactor  
  23  2:29  Supply Depot  
  23  2:41  Supply Depot  
  23  2:50  SCV, Hellion  
  26  3:00  Supply Depot  
  26  3:02  SCV  
  27  3:07  Starport  
  27  3:12  Hellion  
  29  3:14  SCV  
  30  3:28  Barracks  
  30  3:29  Orbital Command  
  30  3:32  Marine  
  30  3:33  Hellion  
  33  3:45  Marine  
  34  3:48  Medivac  
  34  3:50  Marine  
  34  3:54  SCV  
  34  3:55  Widow Mine  
  40  4:01  SCV  
  41  4:03  Marine  
  41  4:09  Barracks  
  42  4:13  Supply Depot  
  42  4:21  Widow Mine  
  42  4:52  Widow Mine  
  42  4:55  SCV x2  
  42  4:56  Barracks Tech Lab, Marine x2  
  42  4:58  Barracks Tech Lab  
  46  5:07  SCV x2  
  46  5:14  Marine x2  
  46  5:19  SCV x2  
  46  5:20  Widow Mine  
  48  5:27  Liberator  
  51  5:31  SCV x2  
  51  5:32  Refinery  
  51  5:33  Stimpack  
  51  5:34  Marine  
  51  5:35  Marine  
  55  5:43  SCV x2  
  57  5:52  Marine x2  
  57  5:55  SCV  
  58  5:57  Widow Mine  
  55  6:19  Widow Mine  
  55  6:33  Marine x2  
  55  6:34  Marauder, Marine, Combat Shield  
  58  6:40  Widow Mine  
  58  6:41  Refinery  
  60  6:48  Starport Reactor  
  60  6:51  Marine x2  
  60  6:52  Marine  
  60  6:55  Marauder  
  58  7:09  Marine  
  58  7:13  Concussive Shells  
  59  7:16  Factory  
  59  7:18  SCV x2  
  59  7:22  Command Center  
  61  7:25  Engineering Bay  
  61  7:29  Command Center  
  61  7:30  SCV x2, Medivac x2  
  61  7:31  Command Center  
  67  7:42  SCV  
  68  7:58  Marauder  
  70  8:00  Factory Tech Lab  
  70  8:06  Terran Infantry Weapons Level 1, Supply Depot x2  
  70  8:07  Supply Depot x2  
  70  8:08  Supply Depot  
  70  8:12  Armory  
  70  8:27  Marine x2, Medivac  
  70  8:28  Marauder x2  
  70  8:31  Supply Depot  
  70  8:32  Supply Depot  
  70  8:33  Supply Depot  
  70  8:34  Supply Depot  
  78  8:45  Marine x2  
  80  8:49  Marauder x2  
  80  8:55  Siege Tank  
  84  9:03  Marine, Medivac  
  84  9:04  Medivac  
  84  9:05  Marine  
  90  9:10  Marauder x2  
  90  9:13  Orbital Command  
  90  9:16  Terran Vehicle And Ship Armor Level 1  
  94  9:20  Marine, Engineering Bay  
  94  9:23  Marine  
  96  9:27  Siege Tank  
  96  9:31  Factory Tech Lab  
  99  9:32  Marauder x2  
  103  9:38  Marine  
  103  9:41  Marine  
  105  9:46  Orbital Command  
  105  9:47  SCV  
  105  9:48  SCV  
  107  9:53  Marauder x2  
  107  9:56  Marine  
  107  9:59  SCV, Siege Tank x2  
  119  10:00  SCV  
  119  10:04  Marine  
  121  10:12  SCV x2  
  121  10:13  Barracks  
  123  10:14  Barracks, Marine  
  123  10:15  SCV, Marauder x2  
  129  10:23  Barracks  
  129  10:24  SCV x2  
  131  10:28  Terran Infantry Armor Level 1  
  131  10:29  Terran Infantry Weapons Level 2  
  131  10:30  Supply Depot x2  
  131  10:31  Siege Tank, Supply Depot x2  
  134  10:53  Supply Depot  
  134  10:57  Marauder x2  
  134  10:58  Marine x2  
  134  11:02  Barracks Reactor, Barracks Tech Lab  
  140  11:05  SCV x3  
  140  11:10  Terran Vehicle Weapons Level 1  
  143  11:13  SCV  
  143  11:16  Marine  
  143  11:17  SCV x2  
  143  11:18  SCV  
  148  11:19  Marauder x2  
  148  11:20  Refinery  
  148  11:22  Refinery  
  148  11:25  SCV  
  153  11:29  SCV, Missile Turret  
  153  11:30  SCV x2  
  153  11:32  Siege Tank x2  
  162  11:37  SCV  
  163  11:40  Marauder  
  163  11:41  SCV  
  163  11:42  Command Center  
  163  11:46  Armory  
  166  12:02  Command Center  
  166  12:04  Siege Tank  
  166  12:06  Barracks Tech Lab  
  166  12:07  Marauder  
  166  12:08  Marauder x2, Marine x4  
  179  12:23  Siege Tank  
  179  12:25  Marauder  
  179  12:26  Marine x4  
  179  12:29  Marauder x3  
  194  12:36  Siege Tank  
  197  12:37  Smart Servos  
  197  12:39  Missile Turret  
  197  12:44  Marine  
  198  12:46  Marauder  
  199  13:00  Missile Turret  
  199  13:07  Marauder  
Tags
 
Add a new tag
Caveats
  • Supply blocks, unpowered buildings, or Contaminate may cause inaccurate times.
  • Supply counts are checked every 10 seconds.